Map: Подводный мир РВ

Players

Doll

  • Race: Zerg Zerg
  • Spawn Location: 11:00

ИИ 1 (эксперт) - Winner!

  • Race: Terran Terran
  • Spawn Location: 5:00

VOD

Have the link to the VOD?

Description

Time

  • Played on: July 30, 2020, 8:56 a.m.
  • Length: 5:07
Show
View Real Time Build Order
Export as new Build Order

Doll Zerg 

Build Orders: Pool First 

Get SALT Encoding   

  12  0:01  Drone  
  13  0:13  Overlord  
  13  0:17  Drone  
  14  0:36  Spawning Pool  
  14  0:38  Drone  
  14  0:42  Drone  
  15  0:46  Drone  
  16  1:11  Hatchery  
  15  1:14  Extractor  
  15  1:17  Drone  
  15  1:18  Drone  
  16  1:22  Zergling x2  
  17  1:29  Zergling x2  
  18  1:36  Queen  
  20  1:41  Drone  
  21  1:50  Overlord  
  21  1:59  Extractor  
  21  2:01  Drone  
  21  2:11  Drone  
  21  2:14  Lair  
  22  2:22  Drone  
  23  2:24  Drone  
  24  2:32  Queen  
  24  2:37  Drone  
  27  2:42  Drone  
  28  2:46  Drone  
  28  2:48  Drone  
  30  2:53  Drone  
  30  2:57  Drone  
  32  3:00  Drone  
  32  3:03  Drone  
  34  3:07  Drone  
  34  3:11  Drone  
  36  3:21  Spire  
  36  3:25  Overlord  
  35  3:28  Zergling x2  
  36  3:38  Roach Warren  
  36  3:39  Drone  
  36  3:44  Zergling x4  
  36  3:45  Zergling x2  
  36  3:47  Zergling x2  
  40  3:49  Zergling x2  
  40  3:52  Zergling x2  
  40  3:54  Zergling x2  
Show
View Real Time Build Order
Export as new Build Order

ИИ 1 (эксперт) Terran - Winner!

Build Orders:  

Get SALT Encoding   

  12  0:00  SCV  
  13  0:13  SCV  
  14  0:19  Supply Depot  
  14  0:25  SCV  
  15  0:40  SCV  
  15  0:42  Barracks  
  16  0:45  Refinery  
  16  0:52  SCV  
  17  1:01  Barracks  
  17  1:04  SCV  
  18  1:16  SCV  
  19  1:28  Marine  
  19  1:31  Orbital Command  
  20  1:38  Barracks  
  20  1:46  Marine  
  21  1:47  Marine  
  22  1:54  Supply Depot  
  22  1:57  SCV  
  23  2:05  Barracks Tech Lab  
  23  2:07  Barracks Tech Lab  
  23  2:16  SCV  
  24  2:23  Marine  
  24  2:25  Marine x2  
  24  2:26  Concussive Shells, Stimpack  
  27  2:34  Supply Depot  
  27  2:41  Marine  
  27  2:42  SCV  
  27  2:43  Marine x2  
  31  3:00  Marauder  
  31  3:01  Marine, Marauder  
  31  3:05  Supply Depot  
  36  3:17  SCV  
  36  3:18  Marine  
  36  3:19  Combat Shield  
  38  3:20  Marine  
  38  3:26  Marine, Supply Depot  
  40  3:36  Marine  
  40  3:39  Marauder  
  43  3:44  Refinery  
  43  3:52  SCV  
  44  4:04  SCV  
  44  4:08  Factory  
  45  4:16  SCV  
  46  4:22  Supply Depot  
  46  4:28  SCV  
  47  4:40  Marine, Marauder  
  47  4:42  Engineering Bay  
  50  4:46  Engineering Bay  
  50  4:47  Command Center  
  42  4:54  Starport  
Tags
 
Add a new tag
Caveats
  • Supply blocks, unpowered buildings, or Contaminate may cause inaccurate times.
  • Supply counts are checked every 10 seconds.